 Dungeon Crawl Stone Soup version 0.21.1-1-g345015f (webtiles) character file.

54 Kairos the Cudgeler (level 3, 0/22 HPs)
             Began as a Gargoyle Gladiator on Mar 27, 2018.
             Slain by a worm (7 damage)
             ... on level 2 of the Dungeon.
             The game lasted 00:01:42 (928 turns).

Kairos the Cudgeler (Gargoyle Gladiator)             Turns: 928, Time: 00:01:43

Health: 0/22       AC:  9    Str: 18    XL:     3   Next: 91%
Magic:  3/3        EV: 11    Int:  8    God:
Gold:   84         SH:  0    Dex: 11    Spells: 2/2 levels left

rFire    . . .     SeeInvis .   a - +0 flail
rCold    . . .     Gourm    .   (no shield)
rNeg     + . .     Faith    .   h - +0 ring mail
rPois    ∞         Spirit   .   e - +1 hat
rElec    +         Reflect  .   (no cloak)
rCorr    .         Harm     .   (no gloves)
MR       .....                  (no boots)
Stlth    +.........             (no amulet)
HPRegen  0.07/turn              k - ring of wizardry
MPRegen  0.08/turn              (no ring)

@: no status effects
A: negative energy resistance 1, electricity resistance, unbreathing,
petrification resistance, rot immunity, AC +3
a: no special abilities


You were on level 2 of the Dungeon.
You were not hungry.

You visited 1 branch of the dungeon, and saw 2 of its levels.

You collected 84 gold pieces.

Inventory:

Hand Weapons
 a - a +0 flail (weapon)
Missiles
 d - 3 throwing nets (quivered)
 p - 4 tomahawks
Armour
 b - a +0 leather armour
 c - a +0 helmet
 e - a +1 hat (worn)
 h - a +0 ring mail (worn)
Jewellery
 k - a ring of wizardry (left hand)
Scrolls
 g - a scroll of enchant armour {unknown}
 i - 2 scrolls of identify {unknown}
 l - a scroll of noise {unknown}
 m - a scroll of immolation {unknown}
 q - a scroll of fear {unknown}
Potions
 j - a potion of lignification {unknown}
 n - a potion of brilliance {unknown}
 o - a potion of ambrosia {unknown}
 r - a potion of curing {unknown}
Comestibles
 f - 7 rations


   Skills:
 + Level 2.5 Fighting
 + Level 3.8 Maces & Flails
 + Level 1.9 Throwing
 + Level 0.5 Armour
 + Level 3.0 Dodging


You had 2 spell levels left.
You didn't know any spells.

Dungeon Overview and Level Annotations

Branches:
Dungeon (2/15)

Altars:


Innate Abilities, Weirdness & Mutations

You are resistant to torment.
Your stone body is resilient. (AC +3)
You are immune to poison.
You resist negative energy. (rN+)
You are resistant to electric shocks. (rElec)
You can survive without breathing.
You are immune to petrification.
You are immune to rotting.


Message History

You hit the quokka.
The quokka is moderately wounded.
The quokka barely misses you.
You hit the quokka.
The quokka is almost dead.
The quokka closely misses you.
You hit the quokka but do no damage.
The quokka is almost dead.
The quokka barely misses you. x2
You barely miss the quokka.
The quokka is severely wounded.
The quokka bites you.
* * * LOW HITPOINT WARNING * * *
You thump the quokka!
You kill the quokka!
The worm barely misses you.
You barely miss the worm. The worm closely misses you.
Your ring mail prevents you from hitting the worm.
The worm bites you!
You die...

#. #.#.# #
#.####.#.#.#
#....#.#.#.#
#..........##.
..#
#.............
#.#
#....†....#
#.# #....#.#
#.# #...##w#
#.####
#...##@#
#.#...
#...##.#
##.#...
#......#
####......
##..####.
#....#....
#.## #.#
#.##....). #.#
#.# #.#######.
#.# #.# #.#
#... #.# #.#
#.# #.#. #.#
#.# #.# #.#.


You could see a worm.

Vanquished Creatures
  A gnoll (D:1)
  An adder (D:2)
  An ooze (D:1)
  A dart slug (D:1)
  A leopard gecko (D:2)
  A bat (D:2)
  2 giant cockroaches (D:2)
  2 hobgoblins
  2 jackals (D:2)
  A quokka (D:2)
  3 frilled lizards
  7 goblins
  A kobold (D:2)
  5 rats
29 creatures vanquished.

Notes
Turn   | Place    | Note
-------+----------+-------------------------------------------
     0 | D:1      | Kairos the Gargoyle Gladiator began the quest for the Orb.
     0 | D:1      | Reached XP level 1. HP: 12/12 MP: 1/1
   166 | D:1      | Reached XP level 2. HP: 16/17 MP: 2/2
   267 | D:1      | Reached XP level 3. HP: 17/22 MP: 3/3
   711 | D:2      | Found a faded altar of an unknown god.
   928 | D:2      | Slain by a worm

Skill      XL: |  1  2  3 |
---------------+----------+-----
Dodging        | 3 |  3.0
Fighting       | |  2.5
Maces & Flails | |  3.8
Throwing       | |  1.9
Armour         | |  0.5

Action                   || total
-------------------------++-------
Melee: Flail             ||   109
Armor: Ring mail         ||    63
Dodge: Dodged            ||    98
